 Dungeon Crawl Stone Soup version 0.17-a0-1716-gdf19ebb (webtiles) character file.

408 MasterCK the Skirmisher (level 6, -4/48 (49) HPs)
             Began as a Demonspawn Chaos Knight on Aug 24, 2015.
             Slain by a giant frog (9 damage)
             ... on level 4 of the Dungeon.
             The game lasted 00:24:52 (3877 turns).

MasterCK the Skirmisher (Demonspawn Chaos Knight)   Turns: 3877, Time: 00:24:52

HP:   -4/48 (49)    AC: 14    Str: 14      XL:     6   Next: 57%
MP:   8/8           EV:  4    Int: 13 (14) God:    Xom [.*....]
Gold: 202           SH:  0    Dex: 14      Spells: 0 memorised, 8 levels left

rFire  + . .     SeeInvis .     a - +2 falchion (chaos)
rCold  . . .     Clarity  .     m - +1 plate armour
rNeg   . . .     SustAt   .     (no shield)
rPois  .         Gourm    .     (no helmet)
rElec  .         Spirit   .     d - +1 cloak
rCorr  .         Warding  .     (no gloves)
rMut   .         Stasis   .     (no boots)
MR     .....                    (no amulet)
Stlth  ..........               (no ring)
                                (no ring)

@: drained, not resistant to hostile enchantments, extremely unstealthy
A: talons 1, thin skeletal structure 1, demonic guardian 1, fire resistance 1
a: Renounce Religion


You were on level 4 of the Dungeon.
You worshipped Xom.
You were a plaything of Xom.
You were not hungry.

You visited 1 branch of the dungeon, and saw 4 of its levels.

You collected 202 gold pieces.

Inventory:

Hand weapons
 a - a +2 falchion of chaos (weapon)
 e - a +0 whip
 f - a +0 club
 i - a +0 club
 k - a +0 short sword
 s - a +0 club
 u - a +0 club
 v - a +0 dagger
 z - a +0 club
 B - a +2 dagger of draining
 D - a +0 club
 E - a +0 club
 F - a +0 hand axe
 K - a +0 club
 L - a +0 morningstar of protection
 N - a +0 dagger
 R - a +0 dagger
 S - a +0 club
 T - a +0 hunting sling of flaming
 U - a +0 war axe
 W - a +0 hand axe of draining
 Y - a +0 trident
 Z - a +0 whip
Missiles
 h - 108 stones
 p - 4 large rocks
 w - 55 arrows
 y - 11 arrows of frost
 A - 3 tomahawks
 C - 22 sling bullets (quivered)
Armour
 b - a +2 leather armour
 d - a +1 cloak (worn)
 j - a +0 scale mail
 m - a +1 plate armour (worn)
 x - a +0 leather armour
 G - a +0 ring mail
 H - a +0 ring mail
 I - a +0 scale mail
 M - a cursed +0 chain mail
 Q - a +0 leather armour
 V - a cursed +0 leather armour
 X - a +2 ring mail of cold resistance
Scrolls
 c - 2 scrolls of remove curse
 g - 3 scrolls of fog
 q - a scroll of immolation
Potions
 l - a potion of resistance
 n - a potion of might
 o - 2 potions of lignification
 r - 2 potions of curing
 J - a potion of brilliance


   Skills:
 * Level 4.4(4.3) Fighting
 * Level 4.1(3.9) Long Blades
 * Level 0.3(0.9) Slings
 + Level 1.5 Throwing
 * Level 3.1(3.0) Armour
 * Level 1.6(1.5) Dodging
 - Level 1.0(0.8) Stealth
 * Level 1.5(1.3) Spellcasting


You had 8 spell levels left.
You didn't know any spells.

Dungeon Overview and Level Annotations

Branches:
Dungeon (4/15)
 Temple: D:4-7

Altars:
Yredelemnul


Innate Abilities, Weirdness & Mutations

You have sharp toenails.
You have a somewhat thin skeletal structure (Dex +2, Stealth).
A weak demonic guardian rushes to your aid.
Your flesh is heat resistant.


Message History

Your kick misses the giant frog.
The giant frog is heavily wounded.
Your iron imp disappears in a puff of smoke!
The giant frog hits you. The giant frog hits you!
* * * LOW HITPOINT WARNING * * *
The orc is no longer moving slowly.
The giant frog hits you but does no damage.
You slash the giant frog! You burn the giant frog.
The giant frog is severely wounded.
The giant frog hits you but does no damage.
The giant frog hits you but does no damage.
You closely miss the giant frog. You claw the giant frog.
The giant frog is almost dead.
The giant frog hits you but does no damage.
The giant frog hits you.
* * * LOW HITPOINT WARNING * * *
As you read the scroll of fog, it crumbles to dust.
The scroll dissolves into smoke.
The giant frog barely misses you. The giant frog hits you!
You die...

### ##.##
#######...############
..........)ooF@§§.....
..........####§§......
..........# §§....###
..........# #......#
........oo# #......#
$..................#
....................##
...<................#
......#..........


You could see a giant frog (berserk) and 2 orcs.

Vanquished Creatures
  A human (D:2)
  The ghost of MasterCK the Skirmisher, a weakling DsCK of Xom (D:3)
  An orc priest (D:3)
  A hound (D:4)
  A worker ant (D:4)
  A worker ant zombie (D:3)
  7 adders
  An ooze (D:1)
  A worm (D:3)
  3 giant geckos
  8 orcs (D:3)
  9 bats
  5 giant cockroaches
  5 hobgoblins
  6 jackals
  5 quokkas
  A ball python (D:3)
  4 giant newts
  A giant newt (shapeshifter) (D:2)
  5 goblins
  6 kobolds
  9 rats
82 creatures vanquished.

Vanquished Creatures (collateral kills)
  An orc (D:4)
1 creature vanquished.

Vanquished Creatures (others)
  A worm (D:2)
  An orc (D:4)
2 creatures vanquished.

Grand Total: 85 creatures vanquished

Notes
Turn   | Place    | Note
--------------------------------------------------------------
     0 | D:1      | MasterCK the Demonspawn Chaos Knight began the quest for the Orb.
     0 | D:1      | Reached XP level 1. HP: 18/18 MP: 1/1
    80 | D:1      | XOM: harmless Tloc miscast
    95 | D:1      | Gained mutation: Your flesh is heat resistant. [demonic ancestry]
    95 | D:1      | Reached XP level 2. HP: 22/24 MP: 2/2
   192 | D:1      | Reached skill level 1 in Dodging
   236 | D:1      | XOM: harmless Divn miscast
   513 | D:1      | XOM: divination: detect creatures
  1168 | D:2      | Gained mutation: A weak demonic guardian rushes to your aid. [demonic ancestry]
  1168 | D:2      | Reached XP level 3. HP: 29/29 MP: 3/3
  1173 | D:2      | XOM: divination: detect creatures
  1186 | D:2      | XOM: harmless Tloc miscast
  1221 | D:2      | XOM: divination: detect items
  1383 | D:2      | Found a runed door.
  1383 | D:2      | Noticed a human
  1406 | D:2      | Gained mutation: You have sharp toenails. [demonic ancestry]
  1406 | D:2      | Reached XP level 4. HP: 37/37 MP: 5/5
  1426 | D:2      | Found a basalt altar of Yredelemnul.
  1467 | D:2      | Killed a human
  1467 | D:2      | Reached skill level 4 in Fighting
  1467 | D:2      | Reached skill level 1 in Throwing
  1467 | D:2      | Reached skill level 1 in Spellcasting
  1467 | D:2      | Reached XP level 5. HP: 39/42 MP: 6/6
  2042 | D:2      | XOM: silly message
  2177 | D:3      | XOM: harmless Necr miscast
  2213 | D:3      | Noticed MasterCK's ghost (weakling DsCK)
  2216 | D:3      | Paralysed by MasterCK's ghost for 3 turns
  2219 | D:3      | XOM: mild Necr miscast
  2223 | D:3      | XOM: noise
  2261 | D:3      | XOM: silly message
  2263 | D:3      | Killed MasterCK's ghost
  2263 | D:3      | Gained mutation: You have a somewhat thin skeletal structure (Dex +2, Stealth). [demonic ancestry]
  2263 | D:3      | Reached XP level 6. HP: 20/47 MP: 8/8
  2460 | D:3      | XOM: cast spell 'Summon Butterflies'
  2741 | D:3      | XOM: medium Erth miscast
  2793 | D:3      | XOM: harmless Ice miscast
  3309 | D:3      | XOM: cast spell 'Summon Butterflies'
  3693 | D:4      | Reached skill level 1 in Stealth
  3864 | D:4      | XOM: polymorph orc wizard -> giant frog
  3867 | D:4      | XOM: cast spell 'Metabolic Englaciation'
  3877 | D:4      | Slain by a giant frog

Vault maps used:
D:1:      mrwooster_arrival_arrow
D:2:      dk_yredelemnul_ordeal

Action                   |  1- 3 |  4- 6 || total
-------------------------+-------+-------++-------
Melee: Falchion          |   131 |   216 ||   347
 Fire: Hunting sling     |       |     4 ||     4
Throw: Tomahawk          |     2 |     1 ||     3
  Use: Scroll            |     6 |     9 ||    15
       Potion            |     3 |     1 ||     4
 Stab: Petrified         |     2 |       ||     2
       Confused          |     1 |       ||     1
       Paralysed         |       |     8 ||     8
  Eat: Beef jerky        |     1 |       ||     1
       Bread ration      |       |     1 ||     1
       Pizza             |       |     1 ||     1
       Royal jelly       |       |     1 ||     1
